 Dungeon Crawl Stone Soup version 0.17.1-3-g152610e (webtiles) character file.

53 MrTails the Covered (level 3, -9/23 HPs)
             Began as a Gargoyle Fighter on Feb 18, 2016.
             Mangled by a gnoll
             ... wielding a +0 halberd
              (10 damage)
             ... on level 2 of the Dungeon.
             The game lasted 00:02:58 (1016 turns).

MrTails the Covered (Gargoyle Fighter)              Turns: 1016, Time: 00:02:58

Health: -9/23      AC: 12    Str: 20    XL:     3   Next: 87%
Magic:  3/3        EV:  5    Int:  8    God:
Gold:   106        SH:  9    Dex:  9    Spells: 0 memorised, 2 levels left

rFire  . . .     SeeInvis .     a - +0 flail
rCold  . . .     Clarity  .     g - +0 chain mail
rNeg   + . .     SustAt   .     c - +0 shield
rPois  ∞         Gourm    .     (no helmet)
rElec  +         Spirit   .     (no cloak)
rCorr  .         Warding  .     (no gloves)
rMut   .         Stasis   .     (no boots)
MR     .....                    (no amulet)
Stlth  ..........               (no ring)
                                (no ring)

@: not resistant to hostile enchantments, extremely unstealthy
A: negative energy resistance 1, electricity resistance, unbreathing,
petrification resistance, rot immunity, AC +3
a: no special abilities


You were on level 2 of the Dungeon.
You were hungry.

You visited 1 branch of the dungeon, and saw 2 of its levels.

You collected 106 gold pieces.

Inventory:

Hand Weapons
 a - a +0 flail (weapon)
Armour
 b - a +0 scale mail
 c - a +0 shield (worn)
 g - a +0 chain mail (worn)
Jewellery
 r - an uncursed ring of protection from cold {unknown}
Scrolls
 f - 3 scrolls of fear {unknown}
 j - a scroll of enchant weapon {unknown}
 k - 6 scrolls of remove curse {unknown}
 l - 2 scrolls of random uselessness {unknown}
 m - a scroll of recharging {unknown}
 n - 3 scrolls of identify {unknown}
 o - a scroll of fog {unknown}
Potions
 d - 2 potions of might
 h - 2 potions of lignification {unknown}
 i - a potion of heal wounds {unknown}
 p - a potion of ambrosia {unknown}
 q - a potion of curing {unknown}
 s - a potion of cancellation {unknown}
Comestibles
 e - 2 bread rations
 t - a slice of pizza


   Skills:
 + Level 3.6 Fighting
 * Level 3.1 Maces & Flails
 + Level 3.7 Armour
 + Level 3.7 Shields


You had 2 spell levels left.
You didn't know any spells.

Dungeon Overview and Level Annotations

Branches:
Dungeon (2/15)

Altars:


Innate Abilities, Weirdness & Mutations

You are resistant to torment.
Your stone body is resilient (AC +3).
You are immune to poison.
You resist negative energy.
You are resistant to electric shocks.
You can survive without breathing.
You are immune to petrification.
You are immune to rotting.


Message History

You are too injured to fight recklessly!
You are too injured to fight recklessly!
You are too injured to fight recklessly!
You are too injured to fight recklessly!
You are too injured to fight recklessly!
You are too injured to fight recklessly!
You are too injured to fight recklessly!
You are too injured to fight recklessly!
You are too injured to fight recklessly!
You sock the giant newt!
You kill the giant newt!
The gnoll hits you but does no damage. x2
You closely miss the gnoll.
The gnoll is severely wounded.
The gnoll hits you but does no damage. You block the gnoll's attack.
You sock the gnoll!
You kill the gnoll!
You block the gnoll's attack. The gnoll hits you but does no damage.
The gnoll hits you from afar with a halberd!
You die...

#.# #.##># #.....#.....# #..##
#.# #.##.####.####.#.##.####..##
#.# #...........####..........##
#.######.####.........).....÷...
#........)......#######.........
#############.#.# ######..#.
#.#.# #..#. #.#.# ....#.
#..^.#@# ####.#. #.####K# #... #


#ggg# #... #...... .... ##...##.# ... ##.## # ... ### You could see 3 gnolls and
a kobold.

Vanquished Creatures
  A gnoll (D:2)
  An adder (D:2)
  6 bats
  2 giant cockroaches
  2 goblins (D:1)
  6 hobgoblins
  2 jackals (D:2)
  2 ball pythons
  3 giant newts
  5 kobolds
  7 rats (D:1)
37 creatures vanquished.

Notes
Turn   | Place    | Note
--------------------------------------------------------------
     0 | D:1      | MrTails the Gargoyle Fighter began the quest for the Orb.
     0 | D:1      | Reached XP level 1. HP: 14/14 MP: 1/1
    91 | D:1      | Reached XP level 2. HP: 17/19 MP: 2/2
   544 | D:1      | Reached XP level 3. HP: 15/23 MP: 3/3
  1013 | D:2      | HP: 1/23 [gnoll/spear (3)]
  1016 | D:2      | Mangled by a gnoll

Action                   || total
-------------------------++-------
Melee: Flail             ||   132
